 Dungeon Crawl Stone Soup version 0.21-a0-52-gbf49515 (webtiles) character file.

149 KristoblXynda the Shield-Bearer (level 5, -3/46 HPs)
             Began as a Deep Dwarf Fighter on June 13, 2017.
             Slain by an ogre
             ... wielding a +0 giant club
              (18 damage)
             ... on level 4 of the Dungeon.
             The game lasted 00:03:43 (1730 turns).

KristoblXynda the Shield-Bearer (DDFi)              Turns: 1730, Time: 00:03:45

Health: -3/46      AC:  8    Str: 19    XL:     5   Next: 9%
Magic:  5/5        EV:  7    Int: 10    God:
Gold:   88         SH:  9    Dex: 12    Spells: 4/4 levels left

rFire    . . .     SeeInvis .   a - +0 war axe
rCold    . . .     Gourm    .   c - +0 shield
rNeg     . . .     Faith    .   b - +0 scale mail
rPois    +         Spirit   .   s - +0 helmet
rElec    .         Reflect  .   (no cloak)
rCorr    .         Harm     .   (no gloves)
MR       .....                  (no boots)
Stlth    ..........             (no amulet)
Regen    0.0/turn               o - ring of wizardry
MPRegen  0.1/turn               q - ring of poison resistance

@: non-regenerating, drained
A: damage resistance, heal wounds, sense surroundings 1, no regeneration
a: Heal Wounds


You were on level 4 of the Dungeon.
You were not hungry.

You visited 1 branch of the dungeon, and saw 4 of its levels.

You collected 88 gold pieces.

Inventory:

Hand Weapons
 a - a +0 war axe (weapon)
Armour
 b - a +0 scale mail (worn)
 c - a +0 shield (worn)
 s - a +0 helmet (worn)
Jewellery
 o - a ring of wizardry (left hand)
 q - a ring of poison resistance (right hand)
Wands
 l - a wand of flame (8/48)
Scrolls
 g - a scroll of enchant weapon {unknown}
 h - a scroll of fear {unknown}
 j - a scroll of blinking {unknown}
 k - 3 scrolls of enchant armour {unknown}
 m - 3 scrolls of remove curse {unknown}
 p - 2 scrolls of teleportation {unknown}
Potions
 d - a potion of might
Comestibles
 f - a bread ration
 i - 2 meat rations
 n - a royal jelly


   Skills:
 - Level 2.6(1.8) Fighting
 * Level 4.2(3.4) Axes
 + Level 4.2(3.4) Armour
 + Level 4.3(3.5) Shields


You had 4 spell levels left.
You didn't know any spells.

Dungeon Overview and Level Annotations

Branches:
Dungeon (4/15)
 Temple: D:4-7

Altars:
Ashenzari
Okawaru
Trog


Innate Abilities, Weirdness & Mutations

You are resistant to damage.
You can heal yourself by infusing magical energy.
You passively map a small area around you.
You do not regenerate.


Message History

The ogre is moderately wounded.
The orc shouts!
Evoking this partially-identified wand wasted a few charges.
You hit the ogre.
The ogre is moderately wounded.
You block the ogre's attack.
You barely miss the ogre.
The ogre is moderately wounded.
You block the ogre's attack. The ogre hits you with a giant club!
You slash the ogre!
The ogre is severely wounded.
The ogre hits you with a giant club.
You hit the ogre.
The ogre is severely wounded.
The ogre hits you with a giant club.
You hit the ogre.
The ogre is almost dead.
Your shield and scale mail prevent you from hitting the orc.
The orc barely misses you. The ogre hits you with a giant club!!
You die...

........##
#......# ...####.#
#......# . * #<#**
#......# #...#
#......# * ###.#
##......# , ,
**###..###.......#
,...............#
,
*#####.###......#
, #.#..@.##### **
** #.oO.# ,
.......# , *
....#....#
....#....# , .##
.....#* *,
#.....#, , .......
, * , ,


You could see an ogre and an orc.

Vanquished Creatures
  Robin (D:2)
  5 adders
  An ooze (D:2)
  2 worms
  3 dart slugs
  2 leopard geckos
  5 bats
  2 giant cockroaches (D:2)
  13 goblins
  12 hobgoblins
  4 jackals (D:2)
  9 kobolds
  6 frilled lizards
  7 rats
72 creatures vanquished.

Notes
Turn   | Place    | Note
-------+----------+-------------------------------------------
     0 | D:1      | KristoblXynda the Deep Dwarf Fighter began the quest for the Orb.
     0 | D:1      | Reached XP level 1. HP: 20/20 MP: 1/1
    87 | D:1      | Reached XP level 2. HP: 27/27 MP: 2/2
   138 | D:1      | You fall through a shaft!
   244 | D:1      | Reached XP level 3. HP: 20/33 MP: 3/3
   539 | D:2      | Found a bloodstained altar of Trog.
   562 | D:2      | Noticed Robin
   575 | D:2      | Killed Robin
   575 | D:2      | Reached XP level 4. HP: 11/40 MP: 4/4
   647 | D:2      | Found a shattered altar of Ashenzari.
  1641 | D:3      | Reached XP level 5. HP: 28/46 MP: 5/5
  1686 | D:4      | Found an iron altar of Okawaru.
  1722 | D:4      | Noticed an ogre
  1730 | D:4      | Slain by an ogre

Vault maps used:
D:1:      dpeg_arrival_short_road, minmay_misc_feat_chi, st_stairs_12
D:2:      grunt_temple_overflow_open, uniq_robin
D:3:      minmay_curled_crystal
D:4:      overflow_temple_1_default, grunt_ministairs_5

Skill      XL: |  1  2  3  4 |
---------------+-------------+-----
Axes           | 3 4 |  4.2
Shields        | 4 |  4.3
Armour         | 4 |  4.2
Fighting       | |  2.6

Action                   |  1- 3 |  4- 6 || total
-------------------------+-------+-------++-------
Melee: War axe           |    94 |   118 ||   212
Evoke: Wand              |       |     2 ||     2
  Use: Scroll            |       |     3 ||     3
       Potion            |       |     1 ||     1
  Eat: Chunk             |       |     2 ||     2
       Meat ration       |       |     1 ||     1
Armor: Scale mail        |    54 |    48 ||   102
Dodge: Dodged            |    36 |    40 ||    76
Block: Shield            |    50 |    64 ||   114
